 Dungeon Crawl Stone Soup version 0.30-a0-219-gf2db51d15e (webtiles) character file.

Game seed: 10965064971053321700

402078 Sobieck the Acrobat (level 24, 0/150 HPs)
             Began as a Kobold Gladiator on Oct 7, 2022.
             Was the Champion of Uskayaw.
             Killed from afar by a starcursed mass (19 damage)
             ... with an accursed screaming
             ... on level 3 of the Abyss.
             The game lasted 01:50:39 (43359 turns).

Sobieck the Acrobat (Kobold Gladiator)             Turns: 43359, Time: 01:50:39

Health: 0/150      AC: 30    Str: 11    XL:     24   Next: 44%
Magic:  35/35      EV: 39    Int: 10    God:    Uskayaw [******]
Gold:   4538       SH: 12    Dex: 27    Spells: 23/23 levels left

rFire   + . .      SeeInvis +    a - +9 quick blade (protect) {shortrare=g}
rCold   + . .      Faith    +    J - +1 buckler {rF+}
rNeg    . . .      Spirit   .    K - +4 troll leather armour
rPois   +          Reflect  .    u - +2 helmet
rElec   .          Harm     .    Y - +2 cloak {rPois}
rCorr   .          Rampage  .    q - +2 pair of gloves
Will    +....                    o - +2 pair of boots "Kutz" {rC+}
Stlth   ++++++++++               h - amulet of faith {!P}
HPRegen 0.00/turn                p - ring "Lol Okhe" {rPois SInv}
MPRegen 0.24/turn                H - +4 ring of slaying

@: under a protective aura, sick, constricted
A: small, no large weapons, nightstalker 3
}: 2/15 runes: serpentine, barnacled
a: Renounce Religion, Stomp, Line Pass, Grand Finale


You were on level 3 of the Abyss.
You worshipped Uskayaw.
Uskayaw was most pleased with you.
You visited 8 branches of the dungeon, and saw 37 of its levels.
You visited the Abyss 2 times.
You also visited: Bailey and Desolation.

You collected 5467 gold pieces.
You spent 929 gold pieces at shops.


Innate Abilities, Weirdness & Mutations

You are small and have problems with some larger weapons.
You are completely attuned to the shadows.


   Skills:
 - Level 15.0 Fighting
 - Level 14.0 Short Blades
 - Level 2.1 Throwing
 - Level 10.0 Armour
 - Level 26.0 Dodging
 - Level 24.0 Stealth
 + Level 15.8 Shields
 - Level 16.0 Invocations


You had 23 spell levels left.
You didn't know any spells.
Your spell library contained the following spells:

 Spells                   Type           Power      Damage    Failure   Level
 Apportation              Tloc           0%         N/A       50%         1
 Foxfire                  Conj/Fire      0%         2x1d4     50%         1
 Magic Dart               Conj           0%         1d3       50%         1
 Sandblast                Erth           0%         2d4       50%         1
 Shock                    Conj/Air       0%         1d3       50%         1
 Sting                    Tmut/Pois      0%         1d3       50%         1
 Blink                    Tloc           0%         N/A       65%         2
 Call Imp                 Summ           0%         N/A       65%         2
 Ensorcelled Hibernation  Hex/Ice        0%         N/A       65%         2
 Passwall                 Tmut/Erth      0%         N/A       65%         2
 Poisonous Vapours        Pois/Air       0%         N/A       65%         2
 Scorch                   Fire           0%         2d5       65%         2
 Searing Ray              Conj           0%         2d4       65%         2
 Dazzling Flash           Conj/Hex       0%         N/A       86%         3
 Gell's Gravitas          Tloc           0%         N/A       86%         3
 Inner Flame              Hex/Fire       0%         N/A       86%         3
 Kindle Blastsparks       Fire/Tloc/Air  0%         2d10      86%         3
 Lesser Beckoning         Tloc           0%         N/A       86%         3
 Mephitic Cloud           Conj/Pois/Air  0%         N/A       86%         3
 Ozocubu's Armour         Ice            0%         N/A       86%         3
 Portal Projectile        Hex/Tloc       0%         N/A       86%         3
 Spider Form              Tmut/Pois      0%         N/A       86%         3
 Stone Arrow              Conj/Erth      0%         3d7       86%         3
 Swiftness                Air            0%         N/A       86%         3
 Teleport Other           Tloc           0%         N/A       86%         3
 Tukima's Dance           Hex            0%         N/A       86%         3
 Airstrike                Air            0%         2d(0-16)  99%         4
 Animate Dead             Necr           0%         N/A       99%         4
 Cause Fear               Hex            0%         N/A       99%         4
 Dispel Undead            Necr           0%         3d6       99%         4
 Flame Wave               Conj/Fire      0%         2d4       99%         4
 Fulminant Prism          Conj/Hex       0%         3d6       99%         4
 Iskenderun's Mystic Bla  Conj/Tloc      0%         2d3       99%         4
 Leda's Liquefaction      Hex/Erth       0%         N/A       99%         4
 Manifold Assault         Tloc           0%         N/A       99%         4
 Olgreb's Toxic Radiance  Pois           0%         N/A       99%         4
 Passage of Golubria      Tloc           0%         N/A       99%         4
 Sticky Flame             Conj/Fire      0%         2d3       99%         4
 Summon Ice Beast         Ice/Summ       0%         N/A       99%         4
 Agony                    Necr           0%         N/A       100%        5
 Alistair's Intoxication  Tmut/Pois      0%         N/A       100%        5
 Blade Hands              Tmut           0%         N/A       100%        5
 Borgnjor's Vile Clutch   Necr/Erth      0%         N/A       100%        5
 Fireball                 Conj/Fire      0%         3d3       100%        5
 Irradiate                Conj/Tmut      0%         3d11      100%        5
 Lee's Rapid Deconstruct  Erth           0%         3d5*      100%        5
 Lightning Bolt           Conj/Air       0%         1d11      100%        5
 Metabolic Englaciation   Hex/Ice        0%         N/A       100%        5
 Silence                  Hex/Air        0%         N/A       100%        5
 Summon Forest            Summ/Tloc      0%         N/A       100%        5
 Summon Mana Viper        Hex/Summ       0%         N/A       100%        5
 Yara's Violent Unravell  Hex/Tmut       0%         3d3       100%        5
 Death Channel            Necr           0%         N/A       100%        6
 Dispersal                Tloc           0%         N/A       100%        6
 Eringya's Noxious Bog    Tmut/Pois      0%         N/A       100%        6
 Simulacrum               Ice/Necr       0%         N/A       100%        6
 Starburst                Conj/Fire      0%         6d3       100%        6
 Summon Cactus Giant      Summ           0%         N/A       100%        6
 Dragon Form              Tmut           0%         N/A       100%        7
 Enfeeble                 Hex            0%         N/A       100%        7
 Haunt                    Necr/Summ      0%         N/A       100%        7
 Monstrous Menagerie      Summ           0%         N/A       100%        7
 Ozocubu's Refrigeration  Ice            0%         4d7       100%        7
 Discord                  Hex            0%         N/A       100%        8
 Disjunction              Tloc           0%         N/A       100%        8
 Ignition                 Fire           0%         3d3       100%        8
 Infestation              Necr           0%         N/A       100%        8
 Necromutation            Tmut/Necr      0%         N/A       100%        8
 Dragon's Call            Summ           0%         N/A       100%        9
 Fire Storm               Conj/Fire      0%         5d1       100%        9

Inventory:

Hand Weapons
 a - a +9 quick blade of protection (weapon) {shortrare=g}
   (You found it on level 5 of the Lair of Beasts)
 b - a +9 rapier of venom {short}
Missiles
 d - 14 throwing nets {=f!fthrowing}
 i - 55 poisoned darts (quivered) {throwing}
Armour
 o - the +2 pair of boots "Kutz" (worn) {rC+}
   (You found it on level 1 of the Elven Halls)

   rC:        It protects you from cold.
 q - a +2 pair of gloves (worn)
   (You found it on level 2 of the Dungeon)
 u - a +2 helmet (worn)
   (You took it off Robin on level 2 of the Dungeon)
 x - a +1 kite shield of fire resistance
   (You took it off a naga warrior on level 2 of the Snake Pit)
 J - a +1 buckler of fire resistance (worn)
   (You found it in the Desolation of Salt)
 K - a +4 troll leather armour (worn)
   (You found it on level 1 of the Orcish Mines)
 Y - a +2 cloak of poison resistance (worn)
   (You bought it in a shop on level 3 of the Snake Pit)
Jewellery
 g - a +6 ring of strength
   (You found it in the Desolation of Salt)
 h - an amulet of faith (around neck) {!P}
   (You found it on level 14 of the Dungeon)
 n - a ring of protection from fire
   (You took it off a yaktaur on level 11 of the Dungeon)
 p - the ring "Lol Okhe" (left hand) {rPois SInv}
   (You found it on level 10 of the Dungeon)

   [ring of see invisible]

   rPois:     It protects you from poison.
   SInv:      It lets you see invisible.
 w - a ring of protection from cold
   (You found it on level 4 of the Snake Pit)
 F - a ring of resist corrosion
   (You found it on level 3 of the Dungeon)
 H - a +4 ring of slaying (right hand)
   (You found it on level 7 of the Dungeon)
 R - a ring of willpower
   (You found it on level 8 of the Dungeon)
Wands
 f - a wand of roots (44)
   (You took it off Sigmund on level 6 of the Dungeon)
 j - a wand of digging (12)
   (You found it on level 9 of the Dungeon)
 r - a wand of polymorph (33)
   (You found it on level 7 of the Dungeon)
 z - a wand of light (15)
   (You found it on level 4 of the Lair of Beasts)
 L - a wand of paralysis (50)
   (You found it on level 4 of the Dungeon)
 W - a wand of mindburst (15)
   (You took it off a vampire on level 10 of the Dungeon)
Scrolls
 c - 8 scrolls of fear
 k - 17 scrolls of immolation {!r!r}
 m - 2 scrolls of blinking {!r}
 s - 4 scrolls of vulnerability {!r!r}
 y - 7 scrolls of magic mapping {!r}
 D - 11 scrolls of teleportation {@r4}
 I - 3 scrolls of butterflies
 X - 2 scrolls of silence {!r}
Potions
 l - a potion of berserk rage {!q}
 A - 4 potions of haste {@q3}
 B - 5 potions of brilliance
 C - 4 potions of heal wounds {@q2}
 E - 2 potions of invisibility
 G - 4 potions of resistance
 M - 2 potions of might
 O - 25 potions of curing {@q1}
 P - 2 potions of ambrosia
 Q - 2 potions of magic
 S - 6 potions of mutation {!q}
 T - 3 potions of flight
 V - 2 potions of cancellation
 Z - 7 potions of attraction {!q}
Miscellaneous
 e - a box of beasts
   (You found it on level 2 of the Elven Halls)
 t - a phantom mirror
   (You found it on level 4 of the Lair of Beasts)
 v - a phial of floods
   (You found it on level 1 of the Snake Pit)
 N - a tin of tremorstones (2/2) {throwing}
   (You found it on level 3 of the Vaults)
 U - a condenser vane
   (You found it on level 2 of the Lair of Beasts)

Dungeon Overview and Level Annotations

Branches:
Dungeon (15/15) Zot: 25394  Temple (1/1) D:6 Zot: 5941    Lair (5/5) D:8 Zot: 24359
 Shoals (4/4) Lair:2 Zot: 19568   Snake (4/4) Lair:2 Zot: 19579   Slime (0/5) Lair:5
    Orc (2/2) D:12 Zot: 10467     Elf (3/3) Orc:2 Zot: 15135  Vaults (3/5) D:14 Zot: 13457
  Crypt (0/3) Vaults:3     Depths (0/4) D:15         Bailey (visited)
Desolation (visited)

Altars:
Dithmenos
Gozag
Hepliaklqana
Qazlal
Ru
Uskayaw
Vehumet
Yredelemnul
The Shining One
Jiyva

Shops:
D:9 ((?   D:13 ?   Orc:2 (*!?   Elf:3 :   Snake:3 :[!   Vaults:2 [

Annotations:
D:5 Pikel
Snake:4 Vashnia
Elf:2 6 runed doors
Abyss:3 1 transporter

.###.......
..##.X...#
...©#SXSX©#
..##xxXXX#


##.S@XXXX # #..†###X. # #..## #[..## #..# # ## You could see 9 starcursed
masses, a tentacled monstrosity, a large abomination, a worldbinder, 3 black
mambas and a small abomination.


Message History

The worldbinder hits you but does no damage.
You feel much better.
You block the small abomination's attack.
You block the ancient zyme's attack. The ancient zyme closely misses you.
You feel ill.
A starcursed mass splits.
The worldbinder calls forth creatures from the Snake Pit!
You feel much better. The worldbinder closely misses you.
The worldbinder completely misses you. The black mamba completely misses you.
You block the small abomination's attack.
The ancient zyme misses you. The ancient zyme completely misses you.
You block the starcursed mass's attack.
A starcursed mass splits.
A deafening chorus of shrieks assaults your mind!
You suddenly lose the ability to move!
You can move again.
Unknown command.
You puncture the ancient zyme!
The worldbinder calls forth creatures from the Snake Pit!
You block the black mamba's attack.
You block the small abomination's attack.
You puncture the ancient zyme!
The black mamba disappears in a puff of smoke!
The ancient zyme hits you!
The ancient zyme hits you but does no damage.
You feel ill.
Unknown command.
You puncture the ancient zyme! The black mamba completely misses you.
A starcursed mass splits.
The worldbinder completely misses you. You block the worldbinder's attack.
Unknown command.
You hit the ancient zyme.
The black mamba disappears in a puff of smoke!
You block the small abomination's attack.
A starcursed mass splits. x2
Unknown command.
You hit the ancient zyme. The black mamba completely misses you.
The worldbinder completely misses you. The worldbinder misses you.
You block the ancient zyme's attack. The ancient zyme misses you.
Unknown command.
You barely miss the ancient zyme.
You block the small abomination's attack.
The black mamba completely misses you.
Unknown command.
You puncture the ancient zyme! You block the worldbinder's attack.
The worldbinder hits you but does no damage.
Unknown command.
You puncture the ancient zyme!
You destroy the ancient zyme!
The tentacled monstrosity misses you.
You block the tentacled monstrosity's attack. x3
You block the black mamba's attack.
You feel the corruption within you wane completely.
You feel stronger.
Unknown command.
You hit the worldbinder.
You block the small abomination's attack.
Unknown command.
You hit the worldbinder but do no damage.
The worldbinder completely misses you. x2
A cacophony of accursed wailing tears at your sanity!
You suddenly lose the ability to move!
The black mamba bites you!
A cacophony of accursed wailing tears at your sanity!
* * * LOW HITPOINT WARNING * * *
You shrug off the repeated paralysis!
The black mamba bites you but does no damage.
The small abomination hits you!
* * * LOW HITPOINT WARNING * * *
The starcursed mass touches you!
* * * LOW HITPOINT WARNING * * *
The tentacled monstrosity tentacle-slaps you!
* * * LOW HITPOINT WARNING * * *
The tentacled monstrosity tentacle-slaps you.
* * * LOW HITPOINT WARNING * * *
The tentacled monstrosity tentacle-slaps you but does no damage.
The tentacled monstrosity grabs you.
The tentacled monstrosity constricts you.
The worldbinder hits you but does no damage. x2
The black mamba bites you.
* * * LOW HITPOINT WARNING * * *
The small abomination hits you but does no damage.
The worldbinder hits you but does no damage. x2
The starcursed mass touches you but does no damage.
The tentacled monstrosity tentacle-slaps you but does no damage.
The tentacled monstrosity tentacle-slaps you.
* * * LOW HITPOINT WARNING * * *
The tentacled monstrosity tentacle-slaps you but does no damage.
The tentacled monstrosity constricts you.
* * * LOW HITPOINT WARNING * * *
The black mamba bites you but does no damage.
The small abomination hits you but does no damage.
The worldbinder hits you but does no damage. x2
You can move again.
You puncture the worldbinder! You block the black mamba's attack.
Unknown command.
You hit the worldbinder but do no damage.
The tentacled monstrosity tentacle-slaps you but does no damage.
The tentacled monstrosity completely misses you. x2
The tentacled monstrosity constricts you.
* * * LOW HITPOINT WARNING * * *
A cacophony of accursed wailing tears at your sanity!
You die...

Skill      XL: |  1  2  3  4  5  6  7  8  9 10 11 12 13 14 15 16 17 18 19 20 21 22 23 24 |
---------------+-------------------------------------------------------------------------+-----
Short Blades   | 5 6 7 8 10 11 12 13 14 | 14.0
Stealth        | 1 4 6 8 9 12 16 18 22 23 24 | 24.0
Fighting       | 4 5 7 8 9 12 14 15 | 15.0
Dodging        | 5 7 8 9 11 12 13 15 18 19 20 22 23 25 26 | 26.0
Invocations    | 2 5 7 8 10 11 13 14 16 | 16.0
Armour         | 1 3 5 6 7 9 10 | 10.0
Shields        | 1 3 5 7 8 9 11 13 15 | 15.8
Throwing       | |  2.1

Action                   |  1- 3 |  4- 6 |  7- 9 | 10-12 | 13-15 | 16-18 | 19-21 | 22-24 || total
-------------------------+-------+-------+-------+-------+-------+-------+-------+-------++-------
Melee: Rapier            |    84 |   248 |   280 |   475 |   641 |       |    11 |       ||  1739
       Punch             |     1 |     1 |     1 |    13 |       |       |       |       ||    16
       Quick blade       |       |       |       |       |   238 |  1207 |  1665 |  1544 ||  4654
Throw: Dart              |       |       |       |     3 |       |       |       |       ||     3
Invok: Line Pass         |       |       |     5 |    12 |     6 |     8 |     8 |     2 ||    41
       Stomp             |       |       |       |     1 |       |       |       |       ||     1
       Grand Finale      |       |       |       |       |     1 |    12 |     5 |     9 ||    27
Evoke: Wand              |       |       |       |       |     3 |       |       |       ||     3
  Use: Scroll            |       |    11 |     9 |    12 |    12 |    13 |     6 |     5 ||    68
       Potion            |       |       |     2 |     2 |     1 |       |     6 |    17 ||    28
 Stab: Sleeping          |    11 |    12 |     9 |    32 |    73 |    86 |    93 |    62 ||   378
       Confused          |       |       |     3 |     9 |     2 |     5 |     7 |     1 ||    27
       Distracted        |       |       |     2 |     3 |    13 |    11 |     7 |    12 ||    48
       Paralysed         |       |       |     1 |    28 |    70 |    85 |   122 |   151 ||   457
       Invisible         |       |       |       |       |       |       |       |     2 ||     2
Armor: Leather armour    |     8 |    69 |    66 |    38 |       |       |       |       ||   181
       Steam dragon scal |       |       |       |    19 |       |       |       |       ||    19
       Acid dragon scale |       |       |       |    11 |   109 |    42 |       |       ||   162
       Scale mail        |       |       |       |    10 |    16 |       |       |       ||    26
       Troll leather arm |       |       |       |       |       |    43 |   116 |   116 ||   275
Dodge: Dodged            |    58 |   168 |   173 |   333 |   410 |   507 |   941 |   852 ||  3442
Block: Buckler           |       |       |       |    13 |   199 |   377 |   513 |   466 ||  1568

Levels and vault maps discovered:
D:1:      zelgadis_glass_arrival_small, layout_basic
D:2:      layout_loops_ring, hellmonk_ecumenical_altar_heavens_door,
          mrwooster_statue_mirror, uniq_robin
D:3:      layout_loops_ring, hangedman_decor_push, minmay_surrounded
D:4:      layout_basic, kennysheep_small_circle
D:5:      minmay_bubble_buster, layout_loops_ring, st_stairs_3, uniq_pikel
D:6:      wander_river, layout_basic, minmay_temple_entry_wispy, uniq_sigmund
D:7:      layout_loops_ring
D:8:      layout_loops_ring, minmay_lair_entry_grove, grunt_ministairs_13
D:9:      layout_roguey, lemuel_crystal_altar, serial_shops, shop, shop,
          nicolae_shop_stone, kb_lookout_dungeons_type
D:10:     minmay_the_grid_square_5x5_3x3 [minmay_the_grid_square_5x5_bite,
          minmay_the_grid_square_5x5_six_small, minmay_the_grid_square_5x5_comb,
          minmay_the_grid_square_5x5_two_small,
          minmay_the_grid_square_5x5_megaprize_open,
          minmay_the_grid_square_5x5_seven, minmay_the_grid_square_5x5_two,
          minmay_the_grid_square_5x5_three,
          minmay_the_grid_square_5x5_bracketed], layout_basic,
          nicolae_hepliaklqana_monster_ancestors, enter_bailey_2,
          hangedman_corner_corridor
D:11:     fort_yaktaur, layout_irregular_city
D:12:     layout_roguey, hiddenorc2_lemuel, portal_ice_cave_entry_pillars_2,
          chequers_serial_rivers_large_b
D:13:     layout_rooms, serial_shops, shop, uniq_erolcha, uniq_kirke,
          uniq_nessos, uniq_lodul
D:14:     layout_irregular_city, david_vaults_5, roderic_lattice_octagonal_star
D:15:     grunt_enter_depths_hoard, layout_rooms,
          nicolae_ru_the_path_less_chosen
Temple:   mainiacjoe_temple_cubbyholes
Lair:1:   layout_roguey, gammafunk_ghost_split, enter_volcano_2,
          beast_lair_carwin_2, uniq_grum
Lair:2:   layout_big_grid, minmay_shoals_entry_lonely_mermaid,
          minmay_snake_entry_six_corridors, hangedman_lair_unloving_vines
Lair:3:   dreamdust_isle_of_ice, layout_gridlike, gammafunk_ghost_split,
          grunt_megastairs_3
Lair:4:   layout_layer_cave, ebering_ghost_inner_flame, lemuel_altar_in_water2,
          lemuel_fruit_tree
Lair:5:   minmay_lair_end_frog_pond, layout_cave_shapes, slime_entry_1
Shoals:1: layout_shoals
Shoals:2: layout_shoals
Shoals:3: layout_shoals
Shoals:4: shoals_end_simple, layout_shoals, shoal_ilsuiw,
          nicolae_shoals_aquamancer_cove
Snake:1:  hangedman_cross_stitches, layout_cave_shapes, basic_altar,
          grunt_megastairs_2, uniq_jorgrun, uniq_mlioglotl
Snake:2:  layout_misc_corridors, nicolae_integral_box
Snake:3:  layout_misc_corridors, st_stairs_5, minmay_shop_star, uniq_aizul
Snake:4:  grunt_snake_rune_serpentine_throne, layout_cave_town,
          serial_bayou_shore_a, uniq_vashnia
Orc:1:    layout_caves
Orc:2:    st_orc_town, layout_diamond_mine
Elf:1:    nicolae_elf_arrival_fired_up, layout_loops_cross, orc_legates
Elf:2:    elven_hall_of_blades_hangedman_alternative
          [nicolae_blade_entry_floor_patterns], layout_loops_cross, basic_altar,
          portal_desolation_entry_garden, ebering_ghost_reflecting_pool,
          door_vault
Elf:3:    minmay_elf_hall_four_x, layout_rooms, serial_shops, shop
Vaults:1: vaults_dpeg_cross, hangedman_vaults_capsules, v_misc_16, v_misc_33,
          vaults_mumra_lcd, hangedman_vaults_locks, vaults_dpeg_emergency_exit,
          nicolae_vaults_mini_display_case, nicolae_vaults_asterisk, v_rooms_4,
          v_pattern_1, nicolae_vaults_asterisk, nicolae_vaults_asterisk,
          layout_vaults_omnibox, uniq_zenata
Vaults:2: v_rooms_5, vaults_room_corners, v_misc_12,
          hangedman_vaults_river_flow, vaults_room_octagon, v_misc_15,
          nicolae_vaults_little_squares_2, nicolae_vaults_big_ls, v_misc_2,
          ontoclasm_vaults_fault, ontoclasm_vaults_twist,
          vaults_dpeg_encased_lava, layout_vaults_ring, serial_shops,
          nicolae_shop_statue_plus
Vaults:3: ontoclasm_vaults_gateway, nicolae_vaults_network_quincunx
          [nicolae_vaults_network_quincunx_subvault,
          nicolae_vaults_network_quincunx_subvault,
          nicolae_vaults_network_quincunx_subvault,
          nicolae_vaults_network_quincunx_subvault,
          nicolae_vaults_network_quincunx_subvault],
          minmay_crypt_entry_simple_box, nicolae_vaults_little_squares_4,
          v_misc_27, nicolae_vaults_what_the_h, dpeg_vaults_waves,
          hangedman_vaults_trim, ontoclasm_vaults_chip,
          nicolae_vaults_border_crossing, ontoclasm_vaults_decontamination,
          layout_vaults_omnigrid
Abyss:3:  base: Crypt:2, grunt_abyss_exit_deep_breaths, minivault_11,
          due_evilmike_abyss_rune_seething_liches, base: Elf:2,
          gammafunk_corrupted_shrine

Notes
Turn   | Place    | Note
-------+----------+-------------------------------------------
     0 | D:1      | Sobieck the Kobold Gladiator began the quest for the Orb.
     0 | D:1      | Reached XP level 1. HP: 12/12 MP: 1/1
   151 | D:1      | Reached XP level 2. HP: 12/17 MP: 2/2
   362 | D:1      | Reached skill level 5 in Short Blades
   551 | D:1      | Reached XP level 3. HP: 21/21 MP: 3/3
  1269 | D:2      | Reached skill level 6 in Short Blades
  1335 | D:2      | Found a faded altar of an unknown god.
  1438 | D:2      | Noticed Robin
  1440 | D:2      | Reached XP level 4. HP: 26/26 MP: 4/4
  1456 | D:2      | Killed Robin
  1742 | D:2      | Identified the +11 whip of Diroggail {speed, Dex+2}
  1982 | D:3      | Reached skill level 7 in Short Blades
  1993 | D:3      | Reached skill level 1 in Stealth
  1993 | D:3      | Reached XP level 5. HP: 30/30 MP: 5/5
  2069 | D:3      | You pick up a book of Burglary and begin reading...
  2069 | D:3      | You add the spells Passwall, Ensorcelled Hibernation and
                  | Swiftness to your library.
  2281 | D:3      | Reached skill level 2 in Stealth
  2460 | D:3      | Reached skill level 3 in Stealth
  2689 | D:4      | Reached skill level 4 in Stealth
  2787 | D:4      | HP: 7/30 [orc priest/divine providence (12)]
  2812 | D:3      | Reached XP level 6. HP: 27/35 MP: 6/6
  2838 | D:3      | Reached skill level 5 in Stealth
  3061 | D:4      | Reached skill level 6 in Stealth
  3130 | D:4      | Reached skill level 3 in Fighting
  3149 | D:4      | Reached skill level 4 in Fighting
  3149 | D:4      | Reached XP level 7. HP: 38/43 MP: 7/7
  3279 | D:4      | Found an opulent altar of Gozag.
  3610 | D:5      | Entered Level 5 of the Dungeon
  3612 | D:5      | Reached skill level 4 in Dodging
  3810 | D:5      | Reached skill level 8 in Short Blades
  3810 | D:5      | Reached skill level 5 in Dodging
  3868 | D:5      | HP: 8/43 [ice beast (11)]
  3882 | D:5      | Reached XP level 8. HP: 21/48 MP: 8/8
  4176 | D:5      | Reached skill level 6 in Dodging
  4185 | D:5      | Reached skill level 9 in Short Blades
  4231 | D:5      | Reached skill level 7 in Dodging
  4240 | D:5      | Reached skill level 10 in Short Blades
  4439 | D:5      | Noticed Pikel
  4499 | D:5      | Reached XP level 9. HP: 52/52 MP: 9/9
  4809 | D:6      | Found a staircase to the Ecumenical Temple.
  4814 | Temple   | Entered the Ecumenical Temple
  4854 | Temple   | Became a worshipper of Uskayaw the Reveller
  4883 | D:6      | Reached * piety under Uskayaw
  4890 | D:6      | Reached ** piety under Uskayaw
  4892 | D:6      | Reached *** piety under Uskayaw
  4900 | D:6      | Reached **** piety under Uskayaw
  4938 | D:5      | Reached skill level 7 in Stealth
  5006 | D:6      | You pick up a book of Party Tricks and begin reading...
  5006 | D:6      | You add the spells Apportation and Alistair's Intoxication
                  | to your library.
  5030 | D:6      | Reached skill level 5 in Fighting
  5030 | D:6      | Reached skill level 1 in Invocations
  5094 | D:6      | Paralysed by an orc warrior for 5 turns
  5303 | D:6      | Reached skill level 8 in Dodging
  5388 | D:6      | You add the spells Olgreb's Toxic Radiance, Ozocubu's
                  | Refrigeration and Ignition to your library.
  5553 | D:6      | Noticed Sigmund
  5564 | D:6      | Killed Sigmund
  5565 | D:6      | Reached skill level 2 in Invocations
  5658 | D:6      | Reached skill level 11 in Short Blades
  5901 | D:7      | Noticed a troll
  5904 | D:7      | Killed a troll
  5905 | D:7      | Reached skill level 8 in Stealth
  5905 | D:7      | Reached XP level 10. HP: 60/60 MP: 10/12
  5981 | D:7      | Reached skill level 6 in Fighting
  5981 | D:7      | Reached skill level 3 in Invocations
  6627 | D:8      | Reached ***** piety under Uskayaw
  6725 | D:8      | Reached skill level 9 in Dodging
  6725 | D:8      | Reached skill level 4 in Invocations
  6762 | D:8      | Reached skill level 9 in Stealth
  6926 | D:8      | Found a staircase to the Lair.
  6955 | D:8      | Reached skill level 7 in Fighting
  6955 | D:8      | Reached skill level 12 in Short Blades
  7091 | D:8      | Reached skill level 5 in Invocations
  7268 | D:8      | Reached XP level 11. HP: 62/67 MP: 14/14
  7493 | D:9      | Found Amnolooz's Weapon Shop.
  7495 | D:9      | You pick up a book of the Senses and begin reading...
  7495 | D:9      | You add the spells Dazzling Flash, Agony and Silence to
                  | your library.
  7499 | D:9      | Bought a +0 rapier for 48 gold pieces
  7504 | D:9      | Noticed a cyclops
  7507 | D:9      | Killed a cyclops
  7508 | D:9      | Reached skill level 10 in Stealth
  7754 | D:9      | Reached skill level 10 in Dodging
  7827 | D:9      | Found Eshrusk's Magic Scroll Shop.
  7842 | D:9      | Bought a scroll of enchant weapon for 97 gold pieces
  7842 | D:9      | Bought a scroll of identify for 26 gold pieces
  7857 | D:9      | Noticed a cyclops
  7987 | D:9      | Killed a cyclops
  8030 | D:9      | Reached skill level 6 in Invocations
  8120 | D:9      | Found Abotokea's Antique Weapon Shoppe.
  8264 | D:9      | Found a stormy altar of Qazlal.
  8381 | D:10     | Entered Level 10 of the Dungeon
  8574 | D:10     | Reached skill level 11 in Stealth
  8583 | D:10     | Reached skill level 13 in Short Blades
  8606 | D:10     | Found a flagged portal.
  8630 | Bailey   | Entered a bailey
  8706 | Bailey   | Noticed a two-headed ogre
  8719 | Bailey   | HP: 16/67 [two-headed ogre/+0 halberd (21)]
  8721 | Bailey   | Killed a two-headed ogre
  8722 | Bailey   | Reached skill level 11 in Dodging
  8722 | Bailey   | Reached skill level 7 in Invocations
  8911 | D:10     | Noticed a cyclops
  8912 | D:10     | Noticed a cyclops
  8912 | D:10     | Noticed a cyan ugly thing
  8912 | D:10     | Noticed an ogre mage
  8935 | D:9      | Killed a cyclops
  8974 | D:10     | Killed a cyclops
  8975 | D:10     | Reached skill level 12 in Stealth
  8975 | D:10     | Reached XP level 12. HP: 30/72 MP: 12/17
  8975 | D:10     | Noticed a two-headed ogre
  9038 | D:9      | Killed a two-headed ogre
  9100 | D:10     | Reached skill level 14 in Short Blades
  9104 | D:10     | Killed an ogre mage
  9105 | D:10     | Reached skill level 8 in Invocations
  9106 | D:10     | You pick up a book of Unlife and begin reading...
  9106 | D:10     | You add the spells Animate Dead, Borgnjor's Vile Clutch and
                  | Death Channel to your library.
  9110 | D:10     | You add the spells Blink, Iskenderun's Mystic Blast, Sticky
                  | Flame, Passage of Golubria and Summon Forest to your
                  | library.
  9110 | D:10     | Got the Discourse on the Torrid Excursion
  9112 | D:10     | You pick up a book of Displacement and begin reading...
  9112 | D:10     | You add the spells Lesser Beckoning, Gell's Gravitas and
                  | Teleport Other to your library.
  9114 | D:10     | Identified the ring "Lol Okhe" {rPois SInv}
  9151 | D:10     | Reached skill level 13 in Stealth
  9210 | D:10     | Noticed a centaur warrior
  9224 | D:10     | Killed a centaur warrior
  9225 | D:10     | Reached skill level 14 in Stealth
  9337 | D:10     | Reached skill level 15 in Stealth
  9566 | D:10     | Noticed a fire dragon
  9583 | D:10     | Identified the +1 robe of the Solstice {rElec Dex-3
                  | Archmagi}
  9584 | D:10     | Killed a fire dragon
  9992 | D:10     | Reached skill level 16 in Stealth
  9995 | D:10     | Identified the +2 scale mail "Zoanob" {Will+ Str+3}
 10134 | D:10     | Found a hazy altar of Hepliaklqana.
 10196 | D:11     | You pick up a book of Spectacle and begin reading...
 10217 | D:11     | Noticed a boulder beetle
 10234 | D:11     | Killed a boulder beetle
 10355 | D:11     | Reached skill level 1 in Armour
 10355 | D:11     | Reached skill level 1 in Shields
 10480 | D:11     | Noticed a two-headed ogre
 10484 | D:11     | Killed a two-headed ogre
 10485 | D:11     | Reached XP level 13. HP: 76/76 MP: 19/19
 10790 | D:11     | You pick up a book of Weapons and begin reading...
 10790 | D:11     | You add the spells Tukima's Dance, Portal Projectile and
                  | Blade Hands to your library.
 10840 | D:11     | Reached skill level 2 in Armour
 10843 | D:11     | Reached skill level 2 in Shields
 10850 | D:11     | Reached ****** piety under Uskayaw
 11065 | D:11     | Noticed a minotaur
 11201 | Lair:1   | Entered Level 1 of the Lair of Beasts
 11347 | Lair:1   | Noticed Grum
 11357 | Lair:1   | Killed Grum
 11370 | Lair:1   | Reached skill level 8 in Fighting
 11870 | Lair:1   | Reached skill level 9 in Invocations
 11929 | Lair:1   | Reached skill level 3 in Armour
 12034 | Lair:1   | Found a runed translucent gate.
 12080 | Lair:1   | Found a runed translucent gate.
 12081 | Lair:1   | Found a runed translucent gate.
 12195 | Lair:1   | Noticed Taurus's ghost (novice MiFi)
 12205 | Lair:1   | Killed Taurus's ghost
 12206 | Lair:1   | Reached skill level 3 in Shields
 12273 | Lair:2   | Reached skill level 12 in Dodging
 12288 | Lair:2   | Reached skill level 17 in Stealth
 12310 | Lair:2   | Found a staircase to the Snake Pit.
 12448 | Lair:2   | Noticed a five-headed hydra
 12452 | Lair:2   | Killed a five-headed hydra
 12453 | Lair:2   | Reached skill level 10 in Invocations
 12744 | Lair:2   | Found a staircase to the Shoals.
 12796 | Lair:2   | Reached skill level 18 in Stealth
 12869 | Lair:2   | Reached XP level 14. HP: 76/84 MP: 21/21
 13043 | Lair:3   | Reached skill level 19 in Stealth
 13171 | Lair:3   | Found a runed translucent gate.
 13172 | Lair:3   | Found a runed translucent gate.
 13173 | Lair:3   | Found a runed translucent gate.
 13309 | Lair:3   | Reached skill level 20 in Stealth
 13481 | Lair:3   | You pick up a book of Air and begin reading...
 13481 | Lair:3   | You add the spells Shock and Airstrike to your library.
 14080 | Lair:3   | Reached skill level 21 in Stealth
 14317 | Lair:3   | Noticed Zuegunnahai's ghost (journeyman AtFi)
 14344 | Lair:3   | Killed Zuegunnahai's ghost
 14477 | Lair:4   | Found a runed translucent door.
 14478 | Lair:4   | Noticed abessonov's ghost (journeyman MiFi)
 14485 | Lair:4   | Killed abessonov's ghost
 14837 | Lair:4   | You pick up a book of the Warp and begin reading...
 14837 | Lair:4   | You add the spells Manifold Assault, Dispersal and
                  | Disjunction to your library.
 15058 | Lair:4   | Reached skill level 22 in Stealth
 15255 | Lair:4   | Found a glowing golden altar of the Shining One.
 15260 | Lair:4   | You pick up a book of Beasts and begin reading...
 15260 | Lair:4   | You add the spells Summon Ice Beast, Summon Mana Viper and
                  | Monstrous Menagerie to your library.
 15931 | Lair:5   | Entered Level 5 of the Lair of Beasts
 16023 | Lair:5   | Reached XP level 15. HP: 88/88 MP: 22/22
 16062 | Lair:5   | Reached skill level 23 in Stealth
 16550 | Lair:5   | Reached skill level 4 in Armour
 16550 | Lair:5   | Reached skill level 4 in Shields
 16666 | Lair:5   | Found the +3 hat of Pondering {ponderous, Will+ MP+10
                  | Int+5}
 16690 | Lair:5   | K - a +4 quick blade of flaming {shortrare=g}
 16691 | Lair:5   | K - a +4 quick blade of flaming {shortrare=g}
 16691 | Lair:5   | b - a +4 quick blade of flaming {shortrare=g}
 16691 | Lair:5   | your +4 quick blade of flaming {shortrare=g} bursts into
                  | flame!
 16691 | Lair:5   | b - a +4 quick blade of flaming (weapon) {shortrare=g}
 16706 | Lair:5   | You add the spells Stone Arrow, Infestation and Fire Storm
                  | to your library.
 16706 | Lair:5   | Got Kialeh's Treatise on the Salvo and Unholy Mysteries
 16813 | Lair:5   | Found a staircase to the Slime Pits.
 16813 | Lair:5   | Found a viscous altar of Jiyva.
 17081 | D:11     | Reached skill level 9 in Fighting
 17083 | D:11     | Identified the +4 dagger of the Final Loafs {antimagic,
                  | rPois}
 17253 | D:11     | Reached skill level 13 in Dodging
 17268 | D:11     | You pick up a book of Fire and begin reading...
 17268 | D:11     | You add the spells Foxfire and Fireball to your library.
 17477 | D:12     | Reached skill level 5 in Armour
 17554 | D:12     | Found a staircase to the Orcish Mines.
 17579 | D:12     | You add the spells Sting and Poisonous Vapours to your
                  | library.
 17706 | D:12     | Found a frozen archway.
 17718 | D:12     | Your damage rating with your +4 quick blade of flaming
                  | {shortrare=g} is about 16 (Base 4 x 135% (Dex) x 148%
                  | (Skill) + 8 (Ench + Slay)) + Flame.
 17759 | D:12     | Reached skill level 5 in Shields
 18319 | D:13     | Noticed Erolcha
 18320 | D:13     | Killed Erolcha
 18369 | D:13     | Noticed Kirke
 18378 | D:13     | Killed Kirke
 18533 | D:13     | Noticed Nessos
 18546 | D:13     | Killed Nessos
 18626 | D:13     | Reached XP level 16. HP: 97/97 MP: 23/23
 18643 | D:13     | Noticed Lodul
 18650 | D:13     | Killed Lodul
 18658 | D:13     | Reached skill level 10 in Fighting
 18849 | D:13     | Found Himn's Magic Scroll Shop.
 18857 | D:13     | Bought a scroll of brand weapon for 123 gold pieces
 18857 | D:13     | Bought a scroll of enchant weapon for 97 gold pieces
 18857 | D:13     | Bought a scroll of enchant weapon for 97 gold pieces
 18858 | D:13     | b - a +4 quick blade of flaming (weapon) {shortrare=g}
 18858 | D:13     | a - a +4 quick blade of flaming (weapon) {shortrare=g}
 18858 | D:13     | your +4 quick blade of flaming {shortrare=g} glows red for
                  | a moment.
 18859 | D:13     | your +5 quick blade of flaming {shortrare=g} glows red for
                  | a moment.
 18924 | D:13     | You pick up a book of Conjurations {@e2} and begin
                  | reading...
 18924 | D:13     | You add the spells Magic Dart, Searing Ray and Fulminant
                  | Prism to your library.
 19155 | D:14     | Identified the +4 arbalest of Rulyelob {vorpal, Fragile rN+
                  | Stlth+}
 19381 | D:14     | your +6 quick blade of flaming {shortrare=g} drips with
                  | poison.
 19381 | D:14     | a - a +6 quick blade of venom (weapon) {shortrare=g}
 19382 | D:14     | your +6 quick blade of venom {shortrare=g} is covered with
                  | a thin layer of ice!
 19382 | D:14     | a - a +6 quick blade of freezing (weapon) {shortrare=g}
 19608 | D:14     | Reached skill level 6 in Armour
 19609 | D:14     | Reached skill level 6 in Shields
 19647 | D:14     | Reached skill level 14 in Dodging
 19647 | D:14     | Your damage rating with your +6 quick blade of freezing
                  | {shortrare=g} is about 18 (Base 4 x 135% (Dex) x 150%
                  | (Skill) + 10 (Ench + Slay)) + Freeze.
 19896 | D:14     | Found a gate to the Vaults.
 20192 | D:15     | Entered Level 15 of the Dungeon
 20244 | D:15     | Reached skill level 11 in Fighting
 20354 | D:15     | Reached skill level 7 in Shields
 20401 | D:15     | Reached skill level 15 in Dodging
 20941 | D:15     | Reached skill level 12 in Fighting
 21001 | D:15     | Found a sacrificial altar of Ru.
 21257 | D:15     | Found a staircase to the Depths.
 21599 | Orc:1    | Entered Level 1 of the Orcish Mines
 21609 | Orc:1    | Reached XP level 17. HP: 106/106 MP: 24/24
 21915 | Orc:2    | Entered Level 2 of the Orcish Mines
 22088 | Orc:2    | Found a staircase to the Elven Halls.
 22242 | Orc:2    | Found Teiwk's Distillery.
 22316 | Orc:2    | Found Ostreiv's Magic Scroll Emporium.
 22344 | Orc:2    | Bought a scroll of enchant weapon for 90 gold pieces
 22344 | Orc:2    | your +6 quick blade of freezing {shortrare=g} glows red for
                  | a moment.
 22776 | Orc:2    | Found Haoshruduij's Antique Weapon Boutique.
 22814 | Orc:2    | Found Detaan's Assorted Antiques.
 23114 | Orc:1    | Reached skill level 16 in Dodging
 23394 | Snake:1  | Entered Level 1 of the Snake Pit
 23419 | Snake:1  | your +7 quick blade of freezing {shortrare=g} glows red for
                  | a moment.
 23495 | Snake:1  | Reached skill level 13 in Fighting
 23529 | Snake:1  | Identified the +1 cloak of Imperfection {-Tele Fly rF++
                  | rN+}
 23910 | Snake:1  | Noticed Jorgrun
 23914 | Snake:1  | Killed Jorgrun
 24006 | Snake:1  | Noticed Mlioglotl
 24010 | Snake:1  | Killed Mlioglotl
 24194 | Snake:1  | Found a shadowy altar of Dithmenos.
 24291 | Snake:1  | Reached skill level 17 in Dodging
 24306 | Snake:1  | Reached skill level 14 in Fighting
 24925 | Snake:2  | Reached skill level 18 in Dodging
 24945 | Snake:2  | You pick up a book of the Dragon and begin reading...
 24945 | Snake:2  | You add the spells Cause Fear, Dragon Form and Dragon's
                  | Call to your library.
 25161 | Snake:2  | Reached XP level 18. HP: 94/116 MP: 25/25
 25450 | Snake:2  | your +8 quick blade of freezing {shortrare=g} glows red for
                  | a moment.
 25786 | Snake:3  | Noticed Aizul
 25808 | Snake:3  | Killed Aizul
 26227 | Snake:3  | Found Vinocyh's Distillery.
 26227 | Snake:3  | Found Gygablarph's Armour Emporium.
 26228 | Snake:3  | Found Worghuwo's Book Shoppe.
 26238 | Snake:3  | Bought a +2 cloak of poison resistance for 351 gold pieces
 26301 | Snake:3  | Identified a scroll of acquirement
 26307 | Snake:3  | Acquired 562 gold pieces
 26644 | Snake:4  | Entered Level 4 of the Snake Pit
 26962 | Snake:4  | Reached skill level 7 in Armour
 26972 | Snake:4  | Reached skill level 11 in Invocations
 27457 | Snake:4  | Reached skill level 15 in Fighting
 27539 | Snake:4  | Reached XP level 19. HP: 123/124 MP: 27/27
 27637 | Snake:4  | Reached skill level 24 in Stealth
 27644 | Snake:4  | Reached skill level 19 in Dodging
 27767 | Snake:4  | Got a serpentine rune of Zot
 27890 | Snake:4  | Reached skill level 8 in Armour
 27890 | Snake:4  | Reached skill level 12 in Invocations
 28009 | Snake:4  | a +0 hand axe {axe}; +0 storm dragon scales {rare}; a naga
                  | corpse
 28009 | Snake:4  | a +0 hand axe {axe}; +0 storm dragon scales {rare}; a naga
                  | corpse
 28009 | Snake:4  | Could not pick up +0 storm dragon scales {rare} here;
                  | ([A]lways) ignore it?
 28185 | Snake:4  | Noticed Vashnia
 28328 | Shoals:1 | Entered Level 1 of the Shoals
 28856 | Shoals:1 | You pick up a book of Blasting and begin reading...
 28856 | Shoals:1 | You add the spells Kindle Blastsparks and Lee's Rapid
                  | Deconstruction to your library.
 28876 | Shoals:1 | Identified the +10 long sword of Fiyf {freeze, Str+2}
 28911 | Shoals:1 | You pick up a book of Scorching and begin reading...
 28911 | Shoals:1 | You add the spells Scorch, Flame Wave and Summon Cactus
                  | Giant to your library.
 29377 | Shoals:2 | You fall into a shaft and drop 1 floor!
 30789 | Shoals:3 | Reached skill level 8 in Shields
 31133 | Shoals:4 | Entered Level 4 of the Shoals
 31148 | Shoals:4 | Reached skill level 9 in Armour
 31159 | Shoals:4 | Reached skill level 13 in Invocations
 31166 | Shoals:4 | You pick up a book of Death and begin reading...
 31319 | Shoals:4 | You add the spells Leda's Liquefaction and Enfeeble to your
                  | library.
 31319 | Shoals:4 | Got the Tome of Jinxing
 31506 | Shoals:4 | Reached XP level 20. HP: 129/129 MP: 29/29
 31661 | Shoals:4 | Identified the +7 hand axe of Meimpopp {vorpal, rC+ rCorr
                  | Str+3}
 31899 | Shoals:4 | Reached skill level 20 in Dodging
 31968 | Shoals:4 | Found the +7 sceptre of Torment {pain, torment}
 32248 | Shoals:4 | Noticed Ilsuiw
 32273 | Shoals:4 | Killed Ilsuiw
 32393 | Shoals:4 | Got a barnacled rune of Zot
 32584 | Shoals:4 | Your damage rating with your +9 quick blade of freezing
                  | {shortrare=g} is about 21 (Base 4 x 137% (Dex) x 160%
                  | (Skill) + 13 (Ench + Slay)) + Freeze.
 32913 | Vaults:1 | Entered Level 1 of the Vaults
 33151 | Vaults:1 | Reached skill level 9 in Shields
 33380 | Vaults:1 | Reached skill level 14 in Invocations
 33397 | Vaults:1 | Noticed Zenata
 33415 | Vaults:1 | Killed Zenata
 33416 | Vaults:1 | Reached skill level 10 in Armour
 33424 | Vaults:1 | a +2 executioner's axe of freezing {axerare=g}; a +0
                  | leather armour; the human corpse of Zenata
 33439 | Vaults:1 | a +2 executioner's axe of freezing {axerare=g}; a +0
                  | leather armour; the human corpse of Zenata
 33439 | Vaults:1 | a +2 executioner's axe of freezing {axerare=g}; a +0
                  | leather armour; the human corpse of Zenata
 33439 | Vaults:1 | Could not pick up a +2 executioner's axe of freezing
                  | {axerare=g} here; ([A]lways) ignore it?
 33961 | Vaults:1 | Reached XP level 21. HP: 129/134 MP: 23/31
 34348 | Vaults:2 | Reached skill level 21 in Dodging
 34348 | Vaults:2 | Reached skill level 10 in Shields
 34498 | Vaults:2 | Reached skill level 15 in Invocations
 34613 | Vaults:2 | Found Ymigruga's Armour Emporium.
 34823 | Vaults:2 | You pick up a book of Geomancy and begin reading...
 35272 | Vaults:2 | You pick up a book of Minor Magic and begin reading...
 35272 | Vaults:2 | You add the spells Call Imp and Mephitic Cloud to your
                  | library.
 35563 | Vaults:2 | your +9 quick blade of freezing {shortrare=g} stops
                  | glowing.
 35569 | Vaults:2 | HP: 26/134 [vault warden/+3 great mace of protection (40)]
 35578 | Vaults:2 | your +9 quick blade of freezing {shortrare=g} glows with a
                  | cold blue light!
 35578 | Vaults:2 | a - a +9 quick blade of freezing (weapon) {shortrare=g}
 35682 | Vaults:2 | You pick up a book of Hexes and begin reading...
 35682 | Vaults:2 | You add the spells Inner Flame and Discord to your library.
 35782 | Vaults:2 | Reached skill level 11 in Shields
 35844 | Vaults:2 | You pick up a book of Winter and begin reading...
 35844 | Vaults:2 | You add the spells Ozocubu's Armour, Metabolic Englaciation
                  | and Simulacrum to your library.
 36020 | Vaults:3 | Noticed a curse skull
 36023 | Vaults:3 | Noticed a curse skull
 36024 | Vaults:3 | Killed a curse skull
 36025 | Vaults:3 | Killed a curse skull
 36026 | Vaults:3 | Found a staircase to the Crypt.
 36119 | Vaults:3 | Reached skill level 16 in Invocations
 36232 | Vaults:3 | Reached skill level 22 in Dodging
 36297 | Vaults:3 | Reached XP level 22. HP: 114/140 MP: 34/34
 36691 | Vaults:3 | Reached skill level 12 in Shields
 37079 | Vaults:3 | Reached skill level 23 in Dodging
 38274 | Elf:1    | Entered Level 1 of the Elven Halls
 38463 | Elf:1    | You are cast into the Abyss!
 38463 | Abyss:3  | Cast into level 3 of the Abyss (a deep elf demonologist)
 38534 | Abyss:3  | Reached skill level 13 in Shields
 39058 | Elf:1    | You pass through the gate.
 39058 | Elf:1    | Escaped the Abyss
 39101 | Elf:1    | Reached XP level 23. HP: 57/144 MP: 35/35
 39199 | Elf:1    | Found a runed translucent gate.
 39199 | Elf:1    | Found a runed translucent gate.
 39199 | Elf:1    | Found a runed translucent gate.
 39202 | Elf:1    | Found a runed translucent gate.
 39217 | Elf:1    | Found a runed translucent gate.
 39218 | Elf:1    | Found a runed translucent gate.
 39219 | Elf:1    | Identified the +2 pair of boots "Kutz" {rC+}
 39252 | Elf:1    | Reached skill level 24 in Dodging
 39574 | Elf:1    | Identified the +0 spear of Bloody Death {vamp, rPois}
 40031 | Elf:2    | Found a huge runed gate.
 40031 | Elf:2    | Found a huge runed gate.
 40031 | Elf:2    | Found a huge runed gate.
 40031 | Elf:2    | Found a huge runed gate.
 40031 | Elf:2    | Found a huge runed gate.
 40031 | Elf:2    | Found a huge runed gate.
 40031 | Elf:2    | Found a huge runed gate.
 40057 | Elf:2    | Found a huge runed gate.
 40058 | Elf:2    | Found a huge runed gate.
 40065 | Elf:2    | Found a huge runed gate.
 40066 | Elf:2    | Found a huge runed gate.
 40067 | Elf:2    | Found a huge runed gate.
 40073 | Elf:2    | Found a huge runed gate.
 40073 | Elf:2    | Found a huge runed gate.
 40073 | Elf:2    | Found a huge runed gate.
 40125 | Elf:2    | Reached skill level 14 in Shields
 40178 | Elf:2    | Found a huge runed translucent gate.
 40178 | Elf:2    | Found a huge runed translucent gate.
 40178 | Elf:2    | Found a huge runed translucent gate.
 40178 | Elf:2    | Found a huge runed translucent gate.
 40178 | Elf:2    | Found a huge runed translucent gate.
 40247 | Elf:2    | Found a runed translucent door.
 40313 | Elf:2    | Found a crumbling gateway.
 40328 | Elf:2    | Found a radiant altar of Vehumet.
 40339 | Desolati | Entered the Desolation of Salt
 40457 | Desolati | You add the spells Spider Form and Eringya's Noxious Bog to
                  | your library.
 40457 | Desolati | Got the Secrets of Heated Venom
 40458 | Desolati | Identified the ring of the Ghostly God {rPois Will- EV+4
                  | Str+8 Int+2 Slay-6}
 40479 | Desolati | Could not pick up a +2 vampiric triple sword {longrare=g}
                  | here; ([A]lways) ignore it?
 40583 | Desolati | HP: 31/135 [peacekeeper[a halazid warlock] (10)]
 40585 | Desolati | HP: 8/135 [peacekeeper[a halazid warlock] (10)]
 40760 | Desolati | Got Huddub's Precepts of the Glacier and Vitiation
 40773 | Desolati | Identified the +10 spear "Tachixzu" {holy, rCorr SInv}
 40840 | Desolati | Reached skill level 25 in Dodging
 41144 | Desolati | You add the spells Dispel Undead, Lightning Bolt, Irradiate
                  | and Necromutation to your library.
 41144 | Desolati | Got the Tome of Forceful Shadows
 41464 | Elf:2    | Identified the +0 spear of the Warrior-Mage {venom, Int+5
                  | Stlth-}
 41712 | Elf:2    | Found a huge runed gate.
 41712 | Elf:2    | Found a huge runed gate.
 41712 | Elf:2    | Found a huge runed gate.
 41712 | Elf:2    | Found a huge runed gate.
 41712 | Elf:2    | Found a huge runed gate.
 41712 | Elf:2    | Found a huge runed gate.
 41713 | Elf:2    | Found a huge runed gate.
 41717 | Elf:2    | Found a huge runed gate.
 41717 | Elf:2    | Found a huge runed gate.
 41718 | Elf:2    | Found a huge runed gate.
 41719 | Elf:2    | Found a huge runed gate.
 41720 | Elf:2    | Found a huge runed gate.
 41721 | Elf:2    | Found a huge runed gate.
 41722 | Elf:2    | Found a huge runed gate.
 41723 | Elf:2    | Found a huge runed gate.
 41724 | Elf:2    | Found a huge runed gate.
 41729 | Elf:2    | Found a huge runed gate.
 41729 | Elf:2    | Found a huge runed gate.
 41729 | Elf:2    | Found a huge runed gate.
 41730 | Elf:2    | Found a huge runed gate.
 41731 | Elf:2    | Found a huge runed gate.
 41959 | Elf:2    | Reached skill level 15 in Shields
 41961 | Elf:2    | Reached XP level 24. HP: 150/150 MP: 35/35
 42515 | Elf:2    | Could not pick up a +5 antimagic double sword {longrare=g}
                  | here; ([A]lways) ignore it?
 42515 | Elf:2    | Could not pick up a +5 antimagic double sword {longrare=g}
                  | here; ([A]lways) ignore it?
 42750 | Elf:3    | Entered Level 3 of the Elven Halls
 42924 | Elf:3    | Found Jinnych's Book Shop.
 43042 | Elf:3    | your +9 quick blade of freezing {shortrare=g} projects an
                  | invisible shield of force!
 43042 | Elf:3    | a - a +9 quick blade of protection (weapon) {shortrare=g}
 43089 | Elf:3    | Reached skill level 26 in Dodging
 43114 | Elf:3    | HP: 23/150 [???[a deep elf demonologist] (20)]
 43321 | Elf:3    | You are cast into the Abyss!
 43321 | Abyss:3  | Found a transporter.
 43321 | Abyss:3  | Found a corrupted altar of Lugonu.
 43321 | Abyss:3  | Cast into level 3 of the Abyss (a deep elf demonologist)
 43345 | Abyss:3  | Paralysed by accursed screaming for 1 turns
 43355 | Abyss:3  | Paralysed by accursed screaming for 2 turns
 43356 | Abyss:3  | HP: 34/150 [tentacled monstrosity (12)]
 43359 | Abyss:3  | Killed from afar by a starcursed mass

Vanquished Creatures
  Mlioglotl (Snake:1)
  Zenata (Vaults:1)
  A tentacled monstrosity (Abyss:3)
  A deep elf blademaster (Elf:2)
  2 liches (Abyss:3)
  Jorgrun (Snake:1)
  A kraken (Shoals:2)
  4 tentacled starspawn (Abyss:3)
  A shadow dragon (Elf:1)
  Kirke (D:13)
  5 nagarajas (Snake:4)
  Ilsuiw (Shoals:4)
  A fire giant (Vaults:3)
  An iron dragon (Elf:1)
  3 deep elf sorcerers
  12 vault wardens
  2 curse skulls (Vaults:3)
  2 imperial myrmidons (Desolation)
  Aizul (Snake:3)
  2 orc warlords
  19 ironbound preservers
  A deep elf elementalist (Elf:2)
  6 ironbound thunderhulks
  2 very ugly things
  A starcursed mass (Abyss:3)
  4 deep elf demonologists
  Nessos (D:13)
  2 minotaurs (D:11)
  3 deep elf annihilators
  A halazid warlock (Desolation)
  5 dire elephants
  The ghost of Zuegunnahai the Fighter, a journeyman AtFi of Cheibriados (Lair:3)
  4 deep elf death magi
  7 merfolk javelineers
  9 merfolk impalers
  An ettin (Vaults:3)
  3 crystal guardians (Desolation)
  5 ragged hierophants (Desolation)
  8 yaktaur captains
  4 fire dragons
  2 entropy weavers
  The ghost of abessonov the Basher, a journeyman MiFi of Qazlal (Lair:4)
  4 deep elf high priests
  3 servants of whispers (Desolation)
  An entropy weaver (shapeshifter) (D:14)
  5 great orbs of eyes
  An ice dragon (D:15)
  Erolcha (D:13)
  2 alligator snapping turtles (Shoals:4)
  11 vault guards
  7 peacekeepers (Desolation)
  5 hydras
  18 centaur warriors
  7 ironbound frosthearts
  8 merfolk aquamancers
  3 boulder beetles
  A merfolk avatar (Shoals:3)
  12 anacondas
  2 ogre magi
  A death knight (Vaults:3)
  19 naga warriors
  3 orc high priests
  5 death yaks
  2 tengu warriors
  27 dancing weapons
  3 satyrs
  9 two-headed ogres
  3 thrashing horrors (Abyss:3)
  A vampire mage (Vaults:3)
  21 naga sharpshooters
  The ghost of Taurus the Blocker, a novice MiFi of the Shining One (Lair:1)
  8 shock serpents
  25 deep elf knights
  A hell knight (Vaults:3)
  2 wretched stars (Abyss:3)
  5 skeletal warriors (D:14)
  A goliath frog (Lair:5)
  50 deep trolls
  15 sea snakes
  8 salamander mystics
  5 naga ritualists
  A bog body (Lair:3)
  Lodul (D:13)
  19 deep elf archers
  4 wizards
  A glowing orange brain (Vaults:2)
  15 harpies
  23 ironbound convokers
  9 lindwurms
  12 orc knights
  40 deep elf zephyrmancers
  A necromancer (Vaults:3)
  30 deep elf pyromancers
  6 mana vipers
  3 orc sorcerers
  12 cyclopes
  11 fauns
  16 manticores
  A worldbinder (Abyss:3)
  25 ugly things
  A centaur zombie (Abyss:3)
  21 salamanders
  7 elephants
  12 vault sentinels
  42 black mambas
  5 water nymphs
  12 guardian serpents
  25 naga magi
  3 smoke demons (Abyss:3)
  A torpor snail (shapeshifter) (Vaults:3)
  13 merfolk sirens
  A gargoyle (D:12)
  A torpor snail (Lair:3)
  27 cane toads
  38 yaktaurs
  8 komodo dragons
  2 unseen horrors
  An efreet (D:15)
  7 rime drakes
  2 freezing wraiths
  A hellwing (Abyss:3)
  A tengu conjurer (D:13)
  2 ancient zymes (Abyss:3)
  An ice devil (Lair:3)
  8 trolls
  33 merfolk
  A polar bear (shapeshifter) (D:14)
  A tarantella (shapeshifter) (Elf:3)
  A hornet (D:10)
  6 wind drakes
  A hornet (shapeshifter) (D:10)
  6 polar bears
  35 blink frogs
  2 tyrant leeches (Lair:5)
  9 snapping turtles
  11 dream sheep
  56 saltlings (Desolation)
  28 slime creatures
  A ynoxinul (Abyss:3)
  Sigmund (D:6)
  A jumping spider (Vaults:3)
  2 centaur simulacra (D:15)
  A culicivora (Vaults:3)
  2 air elementals
  2 shadows
  A yak (shapeshifter) (D:13)
  8 wyverns
  16 water elementals
  A wraith (D:11)
  2 vampires
  6 spriggans (Bailey)
  A fire elemental (Lair:3)
  38 yaks
  A hog (D:13)
  4 redbacks
  Grum (Lair:1)
  16 vampire mosquitoes
  5 basilisks
  39 nagas
  A chaos spawn (Abyss:3)
  2 steam dragons
  A harpy simulacrum (Lair:3)
  8 wargs
  An acid dragon (D:10)
  19 water moccasins
  A floating eye (shapeshifter) (Abyss:3)
  37 orc warriors
  An ice beast (D:5)
  3 black bears
  4 large abominations (Abyss:3)
  18 ogres
  3 boggarts (Vaults:2)
  25 wolves
  19 centaurs
  2 lemures (D:5)
  3 phantoms
  3 small abominations (Abyss:3)
  4 kobold brigands
  17 bullfrogs
  3 gnoll sergeants
  An entropy weaver simulacrum (Lair:3)
  3 necrophages
  2 earth elementals
  6 scorpions
  5 wights
  An elephant simulacrum (Lair:3)
  10 killer bees
  6 electric eels
  10 howler monkeys
  2 quasits (Abyss:3)
  3 hounds
  2 jellies
  3 gnoll boudas
  16 orc priests
  2 iron imps (Abyss:3)
  5 iguanas
  11 orc wizards
  A polar bear simulacrum (Lair:3)
  A spriggan simulacrum (Lair:3)
  Robin (D:2)
  26 gnolls
  6 adders
  A shadow imp (D:5)
  3 white imps
  An ufetubus (D:5)
  A worm (D:3)
  5 dart slugs
  106 orcs
  5 bats
  5 endoplasms
  8 giant cockroaches
  4 goblins (D:2)
  17 hobgoblins
  5 quokkas
  14 ball pythons
  3 frilled lizards (D:1)
  26 kobolds
  4 rats
  A spectral kobold (D:10)
  A lurking horror (Abyss:3)
  3 pillars of salt
  3 tentacles (Shoals:2)
1765 creatures vanquished.

Vanquished Creatures (collateral kills)
  2 centaur warriors
  A boulder beetle (D:15)
  A death knight (D:15)
  5 ugly things (D:15)
  A freezing wraith (D:15)
  A jumping spider (shapeshifter) (D:13)
  A wraith (D:15)
  2 vampire mosquitoes (D:15)
14 creatures vanquished.

Vanquished Creatures (others)
  A ragged hierophant (Desolation)
  2 merfolk aquamancers
  A wind drake (shapeshifter) (Abyss:3)
  2 fire bats (Abyss:3)
  A wyvern (D:8)
  2 golden eyes (Abyss:3)
  2 humans (D:13)
  An orc (D:6)
  11 fungi
  A lurking horror (Abyss:3)
  2 pillars of salt (Desolation)
  134 plants
  4 starspawn tentacles (Abyss:3)
  23 tentacles (Shoals:2)
187 creatures vanquished.

Grand Total: 1966 creatures vanquished

Table legend:
 A = Non-vault XP
 B = Vault XP
 C = Vault XP percentage of total XP
 D = Non-vault monster count
 E = Vault monster count
 F = Vault count percentage of total count
                 A         B        C        D         E       F
            +---------+---------+-------+---------+---------+-------
      Total |  415680 |  332017 |  44.4 |    1051 |     724 |  40.8
            +---------+---------+-------+---------+---------+-------
        D:1 |      48 |       0 |   0.0 |      27 |       0 |   0.0
        D:2 |      26 |      28 |  51.9 |      11 |       8 |  42.1
        D:3 |     171 |      16 |   8.6 |      26 |       3 |  10.3
        D:4 |     357 |       6 |   1.7 |      26 |       3 |  10.3
        D:5 |     796 |     605 |  43.2 |      16 |      11 |  40.7
        D:6 |    1433 |     226 |  13.6 |      21 |       1 |   4.5
        D:7 |     644 |     140 |  17.9 |       8 |       2 |  20.0
        D:8 |     760 |    2506 |  76.7 |      21 |      22 |  51.2
        D:9 |    2425 |    1762 |  42.1 |      16 |       4 |  20.0
       D:10 |    2611 |    7436 |  74.0 |      25 |      23 |  47.9
       D:11 |    4711 |   10213 |  68.4 |      26 |      33 |  55.9
       D:12 |    4799 |     315 |   6.2 |      16 |      32 |  66.7
       D:13 |    7756 |    5014 |  39.3 |      23 |      12 |  34.3
       D:14 |   11264 |    3445 |  23.4 |      20 |       4 |  16.7
       D:15 |   21321 |     874 |   3.9 |      42 |       1 |   2.3
     Lair:1 |    3375 |    2003 |  37.2 |      16 |      10 |  38.5
     Lair:2 |    6440 |    2148 |  25.0 |      23 |       8 |  25.8
     Lair:3 |   10824 |    6138 |  36.2 |      39 |      21 |  35.0
     Lair:4 |    4835 |    1416 |  22.7 |      16 |       3 |  15.8
     Lair:5 |    9486 |   10276 |  52.0 |      32 |      37 |  53.6
   Shoals:1 |   12186 |       0 |   0.0 |      24 |       0 |   0.0
   Shoals:2 |   11638 |       0 |   0.0 |      26 |       0 |   0.0
   Shoals:3 |   17612 |       0 |   0.0 |      37 |       0 |   0.0
   Shoals:4 |   16733 |   27083 |  61.8 |      33 |      44 |  57.1
    Snake:1 |   17889 |   10723 |  37.5 |      38 |      18 |  32.1
    Snake:2 |   23456 |       0 |   0.0 |      48 |       0 |   0.0
    Snake:3 |   14833 |    3245 |  17.9 |      27 |       4 |  12.9
    Snake:4 |   19935 |   30265 |  60.3 |      38 |      42 |  52.5
      Orc:1 |    2807 |       0 |   0.0 |      25 |       0 |   0.0
      Orc:2 |    4265 |    7904 |  65.0 |      26 |      61 |  70.1
      Elf:1 |   30649 |   16365 |  34.8 |      47 |      32 |  40.5
      Elf:2 |   22462 |   34796 |  60.8 |      34 |      46 |  57.5
      Elf:3 |   11912 |    5492 |  31.6 |      19 |       6 |  24.0
   Vaults:1 |   22093 |   22026 |  49.9 |      32 |      30 |  48.4
   Vaults:2 |   42301 |   25799 |  37.9 |      67 |      36 |  35.0
   Vaults:3 |   32300 |   44141 |  57.7 |      46 |      57 |  55.3
    Abyss:3 |   18527 |    6763 |  26.7 |      34 |      10 |  22.7
     Bailey |       0 |    2726 | 100.0 |       0 |      12 | 100.0
 Desolation |       0 |   40122 | 100.0 |       0 |      88 | 100.0
            +---------+---------+-------+---------+---------+-------

Illustrated notes

Table legend:
 A = Kills in this place as a percentage of kills in entire the game.
 B = Kills by you in this place as a percentage of kills by you in the entire game.
 C = Kills by friends in this place as a percentage of kills by friends in the entire game.
 D = Other kills in this place as a percentage of other kills in the entire game.
 E = Experience gained in this place as a percentage of experience gained in the entire game.
 F = Experience gained in this place divided by the number of levels of this place that you have seen.
                   A       B       C       D       E      F
               +-------+-------+-------+-------+-------+----------------------
         Total | 100.0 | 100.0 | 100.0 | 100.0 | 100.0 | 18236.5
       Dungeon |  27.2 |  26.5 | 100.0 |  44.4 |  12.3 | 6113.9
          Lair |  11.5 |  11.6 |   0.0 |  11.1 |   7.6 | 11388.2
        Shoals |   9.2 |   9.2 |   0.0 |  22.2 |  11.4 | 21313.0
     Snake Pit |  12.1 |  12.3 |   0.0 |   0.0 |  16.1 | 30086.5
  Orcish Mines |   6.3 |   6.4 |   0.0 |   0.0 |   2.0 | 7488.0
   Elven Halls |  10.4 |  10.5 |   0.0 |   0.0 |  16.3 | 40558.7
        Vaults |  15.1 |  15.2 |   0.0 |  11.1 |  25.2 | 62886.7
         Abyss |   2.5 |   2.5 |   0.0 |  11.1 |   3.4 | 12645.0
        Bailey |   0.7 |   0.7 |   0.0 |   0.0 |   0.4 | 2726.0
    Desolation |   5.0 |   5.0 |   0.0 |   0.0 |   5.4 | 40122.0
               +-------+-------+-------+-------+-------+----------------------

Table legend: (Time is in decaauts)
 A = Elapsed time spent in this place.
 B = Non-inter-level travel time spent in this place.
 C = Inter-level travel time spent in this place.
 D = Time resting spent in this place.
 E = Time spent auto-exploring this place.
 F = Levels seen in this place.
 G = Mean time per level.
                   A        B        C        D        E       F      G
               +--------+--------+--------+--------+--------+-----+--------+
         Total |  40411 |  38026 |   2385 |   3000 |  26152 |  41 |  985.6 |
       Dungeon |  15286 |  14164 |   1122 |   1142 |  10098 |  15 | 1019.1 |
        Temple |     58 |     40 |     18 |      0 |     31 |   1 |   58.0 |
          Lair |   5641 |   5248 |    393 |    188 |   3796 |   5 | 1128.2 |
        Shoals |   4431 |   4207 |    224 |    368 |   2729 |   4 | 1107.8 |
     Snake Pit |   4421 |   4170 |    251 |    368 |   2836 |   4 | 1105.2 |
  Orcish Mines |   1532 |   1402 |    130 |     48 |   1055 |   2 |  766.0 |
   Elven Halls |   2863 |   2795 |     68 |    261 |   1745 |   3 |  954.3 |
        Vaults |   4542 |   4366 |    176 |    404 |   3170 |   3 | 1514.0 |
         Abyss |    501 |    501 |      0 |     80 |    198 |   2 |  250.5 |
        Bailey |    253 |    253 |      0 |     46 |     84 |   1 |  253.0 |
    Desolation |    880 |    880 |      0 |     94 |    408 |   1 |  880.0 |
               +--------+--------+--------+--------+--------+-----+--------+

Top non-repeatable levels by time:
Vaults:3: 1849 daAuts
  Lair:4: 1568 daAuts
    D:14: 1517 daAuts
Vaults:2: 1513 daAuts
    D:10: 1486 daAuts
Shoals:4: 1446 daAuts
  Lair:3: 1398 daAuts
   Elf:2: 1396 daAuts
 Snake:4: 1333 daAuts
 Snake:1: 1262 daAuts
    D:11: 1231 daAuts
Vaults:1: 1179 daAuts
     D:5: 1171 daAuts
     D:9: 1070 daAuts
   Orc:2: 1047 daAuts
